Map: Schattenlicht LE

Players

Hydropic - Winner!

  • Race: Zerg Zerg
  • League: Diamond
  • Spawn Location: 5:00

makeaturret

  • Race: Terran Terran
  • League: Platinum
  • Spawn Location: 11:00

VOD

Have the link to the VOD?

Description

Time

  • Played on: Feb. 1, 2021, 4:37 p.m.
  • Length: 7:29
Show
View Real Time Build Order
Export as new Build Order

Hydropic Zerg - Winner!

Build Orders: Hatch First 

Get SALT Encoding   

  12  0:00  Drone  
  13  0:12  Overlord  
  13  0:17  Drone  
  14  0:30  Drone x2  
  16  0:48  Hatchery  
  15  0:52  Drone  
  15  0:55  Drone  
  17  0:59  Drone  
  18  1:09  Extractor  
  17  1:16  Spawning Pool  
  17  1:18  Drone  
  17  1:22  Drone  
  18  1:28  Drone  
  19  1:39  Overlord  
  19  1:51  Drone  
  20  2:03  Queen x2, Zergling x4  
  26  2:14  Drone x2  
  26  2:15  Metabolic Boost  
  28  2:22  Drone x2  
  30  2:33  Drone x2  
  32  2:44  Hatchery  
  32  2:50  Queen  
  33  2:55  Drone x2  
  35  2:58  Overlord  
  35  3:06  Drone  
  36  3:16  Drone  
  36  3:17  Overlord, Drone x5  
  43  3:20  Drone  
  43  3:32  Extractor, Queen  
  44  3:34  Extractor  
  44  3:36  Drone x2  
  44  3:37  Drone  
  44  3:39  Drone x2  
  48  3:46  Roach Warren  
  47  3:56  Drone x3  
  47  3:57  Drone  
  50  4:07  Zergling x12  
  56  4:19  Overlord  
  56  4:20  Overlord  
  56  4:35  Overlord  
  56  4:37  Queen x2  
  60  4:39  Roach  
  60  4:40  Roach x5  
  72  4:50  Overlord  
  71  5:00  Roach x3  
  71  5:01  Roach x3  
  71  5:05  Roach  
  81  5:12  Roach  
  81  5:13  Roach x4  
  89  5:27  Overlord  
  89  5:40  Overlord  
  89  5:53  Overlord  
  89  5:54  Evolution Chamber  
  89  5:55  Baneling Nest  
  87  5:58  Queen  
  87  5:59  Ravager  
  87  6:00  Overlord  
  90  6:12  Ravager  
  90  6:13  Ravager x2  
  90  6:14  Ravager x4  
  90  6:16  Overlord  
  97  6:19  Zergling x2  
  97  6:20  Zergling x16  
  97  6:23  Overlord  
  106  6:37  Ravager  
  106  6:38  Ravager x2  
  109  6:41  Drone x11  
  120  7:06  Roach  
Show
View Real Time Build Order
Export as new Build Order

makeaturret Terran 

Build Orders: Reaper Expand 

Get SALT Encoding   

  12  0:02  SCV  
  13  0:19  SCV  
  13  0:21  Supply Depot  
  14  0:31  SCV  
  15  0:44  Barracks  
  15  0:45  SCV  
  16  0:51  Refinery  
  16  0:57  SCV  
  17  1:09  SCV  
  18  1:21  SCV  
  19  1:33  SCV  
  19  1:35  Reaper  
  19  1:37  Command Center  
  21  1:47  Orbital Command  
  21  1:53  Supply Depot  
  21  2:20  Factory  
  21  2:21  SCV  
  22  2:23  Refinery  
  22  2:31  Engineering Bay  
  22  2:33  SCV  
  23  2:45  Barracks Reactor, SCV  
  24  3:04  SCV  
  25  3:07  SCV  
  26  3:16  SCV, Barracks  
  26  3:17  Armory  
  27  3:30  Hellion x2  
  27  3:31  SCV  
  32  3:38  Barracks Tech Lab  
  32  3:40  SCV  
  33  3:41  Terran Infantry Armor Level 1  
  33  3:44  SCV  
  33  3:48  Supply Depot  
  34  3:54  Hellion x2  
  38  3:56  SCV  
  38  3:58  Stimpack  
  38  3:59  Marine  
  40  4:09  Barracks Reactor  
  40  4:17  Starport  
  40  4:19  Barracks  
  40  4:25  SCV  
  40  4:31  SCV  
  42  4:36  Supply Depot  
  42  4:38  SCV  
  43  4:43  SCV  
  44  4:46  Marine x2  
  46  4:54  Widow Mine x2  
  45  5:09  SCV  
  46  5:17  Marine x2  
  46  5:18  Marauder  
  46  5:20  Barracks Reactor, Starport Reactor  
  50  5:27  Terran Vehicle And Ship Armor Level 1  
  50  5:28  Barracks x2  
  50  5:29  Command Center  
  50  5:30  SCV x2  
  52  5:37  Marine x2  
  52  5:39  Marine  
  52  5:41  Combat Shield  
  52  5:42  SCV  
  56  5:43  SCV  
  56  5:48  Supply Depot  
  57  5:50  Hellbat x2  
  57  5:54  SCV  
  62  6:01  Supply Depot  
  62  6:06  Refinery  
  62  6:10  Supply Depot, Marine x5  
  67  6:17  Barracks Reactor  
  67  6:18  Barracks Tech Lab  
  67  6:19  Barracks Tech Lab  
  67  6:25  Orbital Command  
  67  6:27  Marine  
  67  6:28  Marine  
  67  6:29  Marine x3  
  67  6:31  Factory  
  72  6:38  Concussive Shells  
  72  6:39  Marine x2  
  74  6:45  Marine  
  75  6:47  Marauder  
  75  6:49  SCV  
  75  6:50  SCV  
  75  6:53  Medivac  
  81  6:55  Medivac  
  81  6:57  Marine  
  81  6:58  Marine  
  81  7:00  Marine  
  86  7:02  SCV  
  84  7:14  SCV  
Tags
 
Add a new tag
Caveats
  • Supply blocks, unpowered buildings, or Contaminate may cause inaccurate times.
  • Supply counts are checked every 10 seconds.